 Dungeon Crawl Stone Soup version 0.28-a0-595-g9f6c0e134a (webtiles) character file.

Game seed: 15684236352664660981

7532 robertstho the Thaumaturge (level 11, -3/76 HPs)
             Began as a Djinni Fire Elementalist on Oct 4, 2021.
             Slain by Harold (17 damage)
             ... on level 10 of the Dungeon.
             The game lasted 00:17:31 (14188 turns).

robertstho the Thaumaturge (DjFE)                  Turns: 14188, Time: 00:17:32

Health: -3/76      AC:  3    Str:  7    XL:     11   Next: 39%
Gold:   51         EV: 11    Int: 21    God:
                   SH:  0    Dex: 13

rFire   + + +      SeeInvis .   m - +4 short sword of Defence by Offence {pain, Will++}
rCold   . . .      Faith    .   (no shield)
rNeg    . . .      Spirit   .   a - +0 robe
rPois   ∞          Reflect  .   (no helmet)
rElec   .          Harm     .   o - scarf {rC+ rF+}
rCorr   .          Rampage  .   q - +0 pair of gloves
Will    +++..                   (boots unavailable)
Stlth   ++........              b - amulet of the acrobat
HPRegen 0.22/turn               p - +4 ring of evasion
MPRegen 0.00/turn               A - ring of wizardry

@: acrobatic, flying, held
A: sickness immunity, fire resistance 2, cold vulnerability 1, float, innate
caster, hp casting, extra vitality 1
a: no special abilities


You were on level 10 of the Dungeon.
You visited 2 branches of the dungeon, and saw 11 of its levels.
You also visited: Ossuary.

You collected 475 gold pieces.
You spent 424 gold pieces at shops.

Inventory:

Hand Weapons
 c - a +0 short sword
 m - the +4 short sword of Defence by Offence (weapon) {pain, Will++}
   (You found it on level 6 of the Dungeon)

   In the hands of one skilled in necromantic magic, it inflicts extra damage on
   living creatures.
   Will:      It greatly increases your willpower.
Missiles
 w - 2 throwing nets
Armour
 a - a +0 robe (worn)
 o - a scarf of resistance (worn)
 q - a +0 pair of gloves (worn)
Jewellery
 b - an amulet of the acrobat (around neck)
 l - a +6 ring of strength
 p - a +4 ring of evasion (left hand)
 A - a ring of wizardry (right hand)
 D - a +4 ring of evasion
Wands
 z - a wand of acid (9)
Scrolls
 i - a scroll of enchant armour
 j - a scroll of vulnerability
 k - 2 scrolls of fear
 n - a scroll of brand weapon
 u - 3 scrolls of immolation
 v - 2 scrolls of teleportation
 y - a scroll of blinking {unknown}
 F - a scroll of fog {unknown}
 G - 3 scrolls of enchant weapon {unknown}
 H - a scroll of amnesia {unknown}
Potions
 d - 4 potions of attraction
 e - 3 potions of berserk rage
 f - 2 potions of mutation {unknown}
 g - 2 potions of resistance
 h - a potion of ambrosia {unknown}
 r - 2 potions of heal wounds
 s - 4 potions of haste {unknown}
 t - a potion of magic {unknown}
 B - 3 potions of lignification
 C - 2 potions of curing
 I - 2 potions of brilliance
 J - 2 potions of might {unknown}


   Skills:
 * Level 6.3 Fighting
 + Level 1.1 Short Blades
 + Level 4.2 Dodging
 + Level 3.5 Stealth
 * Level 11.7 Spellcasting


You had 8 spell levels left.
You knew the following spells:

 Your Spells              Type           Power      Damage    Failure   Level
a - Foxfire               Conj/Fire      100%       2x1d9     1%          1
b - Scorch                Fire           100%       2d10      1%          2
c - Conjure Flame         Conj/Fire      57%        6-21      1%          3
d - Inner Flame           Hex/Fire       57%        N/A       1%          3
e - Flame Wave            Conj/Fire      57%        3d10      1%          4
f - Pain                  Necr           100%       1d9       1%          1
g - Searing Ray           Conj           100%       2d8       1%          2
h - Wereblood             Tmut           57%        N/A       1%          2
i - Dazzling Flash        Conj/Hex       100%       N/A       1%          3
j - Airstrike             Air            28%        N/A       1%          4
Your spell library was empty.

Dungeon Overview and Level Annotations

Branches:
Dungeon (10/15)            Temple (1/1) D:5            Lair (0/6) D:9
Ossuary (visited)
    Orc: D:9-12

Altars:
Ashenzari
Cheibriados
Dithmenos
Elyvilon
Fedhas
Hepliaklqana
Kikubaaqudgha
Makhleb
Nemelex Xobeh
Okawaru
Qazlal
Ru
Sif Muna
Trog
Uskayaw
Vehumet
Xom
Yredelemnul
Zin
The Shining One

Shops:
D:6 *   D:7 !   D:9 !

Annotations:
D:4 1 runed translucent door, AttackTheMoon's ghost, amateur OpWn
D:6 Maggie
D:7 3 runed translucent doors, robertstho's ghost, novice DjFE
D:8 2 transporters
D:10 Harold


Innate Abilities, Weirdness & Mutations

You are immune to sickness and miasma.
You are immune to poison.
Your flesh is very heat resistant. (rF++)
You are vulnerable to cold. (rC-)
You float through the air rather than walking.
You learn spells naturally, not from books.
Your magical power is your life essence.
You have superior vitality. (+4 HP)


Message History

You kill the orc wizard! (Press . to intensify the flame waves.)
The plant is engulfed in a cloud of scalding steam.
Harold points at you and mumbles some strange words.
You struggle to resist.
The orc wizard hits you with a +0 dagger.
A wave of flame ripples out!
The flame wave engulfs Harold!
Harold is heavily wounded.
The flame wave engulfs the plant!!
The plant is moderately damaged.
The flame wave engulfs the orc wizard!
The orc wizard is almost dead.
The flame wave engulfs the orc!!
You kill the orc!
The flame wave engulfs the orc!
You kill the orc!
The flame wave engulfs the plant!!
The plant begins to die.
The plant is lightly damaged.
The plant is engulfed in a cloud of scalding steam.
Harold hits you with a +2 vampiric battleaxe!
* * * LOW HITPOINT WARNING * * *
The orc wizard barely misses you.
A wave of flame ripples out!
The flame wave engulfs Harold!!
Harold is severely wounded.
The flame wave engulfs the plant!
The plant is moderately damaged.
The flame wave engulfs the orc wizard!!
You kill the orc wizard!
The flame wave engulfs the plant!
The plant is lightly damaged.
The flame wave engulfs the plant!
The plant begins to die.
The plant is lightly damaged.
The flame wave engulfs the plant!
The plant begins to die.
The plant is lightly damaged.
* * * LOW HITPOINT WARNING * * *
You finish channelling waves of flame.
The plant is engulfed in a cloud of scalding steam. x2
An electric eel comes into view.
Harold hits you with a +2 vampiric battleaxe!
You die...

#P....#§.# ...
.P#.P.P.### ...
##........# ....
.......##.# .....
##....###.# .....#
#.#......#
.≈≈≈.)###.##.....#
PP≈≈.)@#..###....#
S≈≈...)@..####.#.#
≈≈≈≈PPP§§.....>..#
≈≈≈≈P§§§§.####.###
≈≈≈≈≈≈P§§..# #.#
P≈≈P≈≈≈PP...##.#
≈P..≈≈≈≈≈≈P....#
...P≈P≈≈≈PP....#
.....P≈≈≈≈≈.≈..#
.....≈≈≈≈≈≈..#


You could see Harold (blind) and an electric eel.

Vanquished Creatures
  3 two-headed ogres
  Grinder (D:6)
  2 wyverns (D:9)
  6 yaks (D:9)
  A basilisk (D:9)
  Menkaure (D:4)
  6 water moccasins
  4 orc warriors
  2 ice beasts
  7 ogres
  A centaur (D:6)
  A phantom (D:6)
  2 kobold brigands
  Blork the orc (D:6)
  3 bullfrogs
  3 scorpions
  A gnoll sergeant (D:8)
  2 wyvern zombies (D:8)
  3 centaur zombies
  3 bullfrog zombies
  6 hounds
  A human zombie (Ossuary)
  3 jellies (D:6)
  Crazy Yiuf (D:6)
  4 orc priests
  A bullfrog skeleton (D:7)
  2 gnoll shamans
  4 iguanas
  9 orc wizards
  4 mummies
  A howler monkey zombie (D:6)
  12 gnolls
  8 adders
  A white imp (D:7)
  3 ufetubi (D:6)
  4 adder zombies (Ossuary)
  A worm (D:3)
  2 dart slugs (D:2)
  40 orcs
  13 bats
  10 endoplasms
  3 giant cockroaches
  A gnoll zombie (Ossuary)
  14 hobgoblins
  7 jackals
  13 kobolds
  3 quokkas
  5 ball pythons
  2 frilled lizards
  9 goblins
  4 goblin zombies (Ossuary)
  2 hobgoblin zombies (Ossuary)
  2 kobold zombies (Ossuary)
  A quokka zombie (Ossuary)
  3 rats
  3 rat zombies (Ossuary)
255 creatures vanquished.

Vanquished Creatures (others)
  An orc (D:8)
  314 foxfires
  3 fungi (D:9)
  12 plants (D:9)
330 creatures vanquished.

Grand Total: 585 creatures vanquished

Notes
Turn   | Place    | Note
-------+----------+-------------------------------------------
     0 | D:1      | robertstho the Djinni Fire Elementalist began the quest for
                  | the Orb.
     0 | D:1      | Reached XP level 1. HP: 15/15 MP: 0/0
   387 | D:1      | Reached XP level 2. HP: 20/21 MP: 0/0
   735 | D:1      | Found a faded altar of an unknown god.
  1250 | D:1      | Reached skill level 3 in Spellcasting
  1426 | D:1      | Reached XP level 3. HP: 21/25 MP: 0/0
  1426 | D:1      | Learned a level 1 spell: Pain
  2663 | D:2      | Reached XP level 4. HP: 27/31 MP: 0/0
  3167 | D:2      | Reached skill level 1 in Fighting
  3739 | D:3      | Found a blossoming altar of Fedhas.
  3823 | D:3      | Reached XP level 5. HP: 25/37 MP: 0/0
  3823 | D:3      | Learned a level 2 spell: Searing Ray
  4445 | D:3      | Found a glowing silver altar of Zin.
  4607 | D:3      | Found a bloodstained altar of Trog.
  4814 | D:4      | Noticed an ogre
  4819 | D:4      | Killed an ogre
  4820 | D:4      | Reached skill level 4 in Spellcasting
  4820 | D:4      | Reached XP level 6. HP: 32/42 MP: 0/0
  4905 | D:4      | Noticed Menkaure
  4909 | D:4      | Killed Menkaure
  4916 | D:4      | Reached skill level 5 in Spellcasting
  4916 | D:4      | Reached XP level 7. HP: 19/48 MP: 0/0
  4916 | D:4      | Learned a level 2 spell: Wereblood
  5503 | D:4      | Found a runed translucent door.
  5508 | D:4      | Noticed AttackTheMoon's ghost (amateur OpWn)
  5720 | D:5      | Entered Level 5 of the Dungeon
  5982 | D:5      | Noticed a water moccasin
  5987 | D:5      | Killed a water moccasin
  5999 | D:5      | Reached skill level 6 in Spellcasting
  5999 | D:5      | Reached XP level 8. HP: 33/55 MP: 0/0
  6168 | D:5      | Found a staircase to the Ecumenical Temple.
  6351 | Temple   | Entered the Ecumenical Temple
  6607 | D:5      | Found a sacrificial altar of Ru.
  6832 | D:5      | Found a shimmering altar of Xom.
  7329 | D:6      | Found Tyklejesm's Assorted Antiques.
  7332 | D:6      | Reached skill level 7 in Spellcasting
  7335 | D:6      | Bought a scroll of identify for 52 gold pieces
  7335 | D:6      | Bought a scroll of identify for 52 gold pieces
  7513 | D:6      | Found a broken altar of Ashenzari.
  7553 | D:6      | Noticed Grinder
  7562 | D:6      | Killed Grinder
  7563 | D:6      | Reached XP level 9. HP: 29/61 MP: 0/0
  7563 | D:6      | Learned a level 3 spell: Dazzling Flash
  7981 | D:6      | Reached skill level 8 in Spellcasting
  8014 | D:6      | Noticed Maggie
  8556 | D:6      | Noticed Blork the orc
  8564 | D:6      | Killed Blork the orc
  8570 | D:6      | Identified the +4 short sword of Defence by Offence {pain,
                  | Will++}
  8783 | D:6      | Reached skill level 9 in Spellcasting
  9272 | D:6      | Found a runed translucent door.
  9273 | D:6      | Noticed Crazy Yiuf
  9505 | D:6      | Killed Crazy Yiuf
  9852 | D:7      | Found a sand-covered staircase.
  9859 | Ossuary  | Entered an ossuary
  9869 | Ossuary  | Reached XP level 10. HP: 14/69 MP: 0/0
 10689 | D:7      | Found a runed translucent gate.
 10689 | D:7      | Found a runed translucent gate.
 10690 | D:7      | Found a runed translucent gate.
 10692 | D:7      | Noticed robertstho's ghost (novice DjFE)
 10703 | D:7      | Found Uleoprip's Distillery.
 10717 | D:7      | Bought a potion of flight for 45 gold pieces
 10717 | D:7      | Bought a potion of degeneration for 15 gold pieces
 10717 | D:7      | Bought a potion of brilliance for 60 gold pieces
 10717 | D:7      | Bought a potion of heal wounds for 75 gold pieces
 10717 | D:7      | Bought a potion of lignification for 45 gold pieces
 11251 | D:8      | Found a transporter.
 11257 | D:8      | Noticed a cyclops
 11265 | D:8      | Found a transporter.
 11270 | D:8      | Found an iron altar of Okawaru.
 11350 | D:8      | Reached skill level 10 in Spellcasting
 11834 | D:8      | Noticed a two-headed ogre
 11845 | D:8      | Killed a two-headed ogre
 11846 | D:8      | Reached skill level 5 in Fighting
 12206 | D:9      | Reached skill level 1 in Short Blades
 12208 | D:9      | Reached XP level 11. HP: 47/76 MP: 0/0
 12208 | D:9      | Learned a level 4 spell: Airstrike
 12212 | D:9      | Reached skill level 11 in Spellcasting
 12423 | D:9      | Found a staircase to the Lair.
 12542 | D:9      | Noticed a two-headed ogre
 12549 | D:9      | Killed a two-headed ogre
 13000 | D:9      | Noticed a two-headed ogre
 13316 | D:9      | Found a basalt altar of Yredelemnul.
 13340 | D:9      | Killed a two-headed ogre
 13340 | D:9      | Found a white marble altar of Elyvilon.
 13787 | D:9      | Found Atroi's Distillery.
 13793 | D:9      | Bought a potion of berserk rage for 50 gold pieces
 13793 | D:9      | Bought a potion of curing for 30 gold pieces
 14127 | D:10     | Entered Level 10 of the Dungeon
 14146 | D:10     | Found a hazy altar of Hepliaklqana.
 14179 | D:10     | Noticed Harold
 14188 | D:10     | Slain by Harold

Illustrated notes

Levels and vault maps discovered:
D:1:      tarquinn_simple_flora_water_c, layout_basic,
          shapermc_ecumenical_altar_mp_ritualfount, minmay_misc_feat_roman,
          kennysheep_another_room
D:2:      layout_basic, chequers_arboretum, glass_columns_b,
          serial_bayou_pond_d, minmay_joined_circles
D:3:      layout_basic, zin_statuary, lightli_temple_of_fire,
          mainiacjoe_overflow_paths
D:4:      layout_cave_pools, ebering_ghost_reflecting_pool, corner_web_ring,
          minmay_hedge_maze, uniq_menkaure
D:5:      layout_basic, lemuel_tele_altar, nicolae_ru_awakened_eye,
          temple_doors_e
D:6:      minmay_chambers_of_threes, layout_layer_cave,
          ashenzari_conservatory_becter, serial_shops, nicolae_stop_n_shop_2,
          sigmund_army, uniq_blork_the_orc, uniq_grinder, uniq_maggie,
          uniq_crazy_yiuf_cottage
D:7:      wad_pebble_path, layout_rooms, old_standard_altar, serial_shops,
          nicolae_shop_window_shopping, ebering_ghost_rock_garden,
          gup_ossuary_entry_pyramid, nrook_uturn, nicolae_water_bricks
D:8:      layout_cave_pools, gammafunk_temple_overflow_arena
D:9:      layout_stronghold, kennysheep_ying_yang, minmay_lair_entry_grove,
          serial_shops, shop, kennysheep_generic_room_4
D:10:     minmay_cut_squares, layout_loops_corners,
          nicolae_hepliaklqana_hazy_memory, mainiacjoe_overflow_catwalk_spiral,
          chequers_big_river, chequers_serial_rivers_micro_d,
          kennysheep_decorative_pillar, uniq_psyche, uniq_grum, uniq_harold
Temple:   kb_temple_of_zot

Skill      XL: |  1  2  3  4  5  6  7  8  9 10 11 |
---------------+----------------------------------+-----
Spellcasting   | 3 4 5 6 7 9 10 11 | 11.7
Fighting       | 1 2 3 4 5 6 |  6.3
Stealth        | 2 3 |  3.5
Dodging        | 3 4 |  4.2
Short Blades   | 1 |  1.1

Action                   |  1- 3 |  4- 6 |  7- 9 | 10-12 || total
-------------------------+-------+-------+-------+-------++-------
Melee: Unarmed           |     1 |       |       |       ||     1
       Short sword       |     3 |       |     6 |     9 ||    18
 Cast: Foxfire           |    53 |     7 |    73 |    49 ||   182
       Scorch            |    19 |    56 |    90 |    14 ||   179
       Searing Ray       |       |       |     2 |       ||     2
       Flame Wave        |       |       |    11 |    27 ||    38
       Dazzling Flash    |       |       |     1 |     7 ||     8
       Airstrike         |       |       |       |    17 ||    17
  Use: Scroll            |       |     3 |     5 |     4 ||    12
       Potion            |       |       |     4 |     1 ||     5
Armor: Robe              |     5 |     5 |     6 |     4 ||    20
Dodge: Dodged            |    18 |    23 |    37 |    73 ||   151

Table legend: (Time is in decaauts)
 A = Elapsed time spent in this place.
 B = Non-inter-level travel time spent in this place.
 C = Inter-level travel time spent in this place.
 D = Time resting spent in this place.
 E = Time spent auto-exploring this place.
 F = Levels seen in this place.
 G = Mean time per level.
                   A        B        C        D        E       F      G
               +--------+--------+--------+--------+--------+-----+--------+
         Total |  14190 |  13637 |    553 |   1365 |  10961 |  12 | 1182.5 |
       Dungeon |  13486 |  12952 |    534 |   1002 |  10737 |  10 | 1348.6 |
        Temple |    111 |     92 |     19 |      0 |     87 |   1 |  111.0 |
       Ossuary |    593 |    593 |      0 |    363 |    137 |   1 |  593.0 |
               +--------+--------+--------+--------+--------+-----+--------+

Top non-repeatable levels by time:
     D:6: 2287 daAuts
     D:2: 2075 daAuts
     D:1: 1662 daAuts
     D:5: 1561 daAuts
     D:8: 1500 daAuts
     D:9: 1486 daAuts
     D:3: 1074 daAuts
     D:4: 905 daAuts
     D:7: 870 daAuts
 Ossuary: 593 daAuts
  Temple: 111 daAuts
    D:10: 60 daAuts
